 Dungeon Crawl Stone Soup version 0.27.0-1-g7a089689b8 (webtiles) character file.

Game seed: 11071311802862226151

1565 Gwenloh the Slicer (level 9, -7/82 HPs)
             Began as a Kobold Berserker on Aug 6, 2021.
             Was an Elder of Trog.
             Mangled by Joseph (14 damage)
             ... on level 6 of the Dungeon.
             The game lasted 00:24:18 (7166 turns).

Gwenloh the Slicer (Kobold Berserker)               Turns: 7166, Time: 00:24:18

Health: -7/82      AC:  7    Str: 15    XL:     9   Next: 13%
Magic:  9/9        EV: 21    Int:  8    God:    Trog [****..]
Gold:   208        SH:  0    Dex: 17    Spells: 8/8 levels left

rFire    . . .     SeeInvis .   a - +6 short sword (elec)
rCold    . . .     Faith    .   (shield restricted)
rNeg     . . .     Spirit   .   A - +0 leather armour
rPois    .         Reflect  .   i - +0 helmet
rElec    .         Harm     .   N - +1 cloak
rCorr    .         Rampage  .   f - +0 pair of gloves
Will     +++..                  (no boots)
Stlth    ..........             j - amulet of regeneration
HPRegen  2.23/turn              D - +4 ring of evasion
MPRegen  0.11/turn              I - ring of willpower

@: berserking, strong-willed, regenerating, very quick
A: small, no large weapons, nightstalker 3
a: Renounce Religion, Berserk, Trog's Hand, Brothers in Arms


You were on level 6 of the Dungeon.
You worshipped Trog.
Trog was greatly pleased with you.
You visited 2 branches of the dungeon, and saw 8 of its levels.

You collected 208 gold pieces.

Inventory:

Hand Weapons
 a - a +6 short sword of electrocution (weapon)
 b - a +0 hunting sling
 w - a +3 dagger of holy wrath
Missiles
 c - 93 stones
 n - 6 boomerangs (quivered)
 C - 84 sling bullets
 E - 20 poisoned darts
Armour
 f - a +0 pair of gloves (worn)
 i - a +0 helmet (worn)
 y - a +2 kite shield of reflection
 A - a +0 leather armour (worn)
 N - a +1 cloak (worn)
 O - a +0 buckler
Jewellery
 j - an amulet of regeneration (around neck)
 q - a ring of see invisible
 u - an amulet of the acrobat
 D - a +4 ring of evasion (left hand)
 G - a ring of positive energy
 H - a ring of resist corrosion
 I - a ring of willpower (right hand)
Wands
 s - a wand of digging (4)
 v - a wand of flame (13)
 B - a wand of iceblast (19)
Scrolls
 h - a scroll of fog {unknown}
 k - 2 scrolls of immolation
 l - a scroll of enchant armour {unknown}
 m - 2 scrolls of fear {unknown}
 o - a scroll of teleportation {unknown}
 p - a scroll of silence {unknown}
 t - 2 scrolls of blinking {unknown}
 F - 3 scrolls of amnesia
 L - a scroll of magic mapping {unknown}
Potions
 e - 2 potions of lignification
 g - 2 potions of flight {unknown}
 r - 3 potions of mutation
 x - 3 potions of haste
 z - a potion of heal wounds {unknown}
 K - 2 potions of curing
 M - 2 potions of brilliance {unknown}
 P - a potion of degeneration {unknown}


   Skills:
 + Level 6.2 Fighting
 * Level 9.9 Short Blades
 - Level 1.5 Armour
 + Level 6.2 Dodging
 + Level 6.6 Stealth


You had 8 spell levels left.
You didn't know any spells.
Your spell library contained the following spells:

 Spells                   Type           Power      Damage    Failure   Level
 Ensorcelled Hibernation  Hex/Ice        0%         N/A       63%         2
 Sublimation of Blood     Necr           0%         N/A       63%         2
 Wereblood                Tmut           0%         N/A       63%         2
 Spider Form              Tmut/Pois      0%         N/A       85%         3
 Fireball                 Conj/Fire      0%         3d3       100%        5
 Iskenderun's Battlesphe  Conj           0%         2d6       100%        5
 Conjure Ball Lightning   Conj/Air       0%         3x3d6     100%        6
 Shadow Creatures         Summ           N/A        N/A       100%        6
 Orb of Destruction       Conj           0%         N/A       100%        7
 Summon Hydra             Summ           0%         N/A       100%        7


Dungeon Overview and Level Annotations

Branches:
Dungeon (7/15)             Temple (1/1) D:7

Altars:
Ashenzari
Cheibriados
Dithmenos
Elyvilon
Fedhas
Gozag
Hepliaklqana
Kikubaaqudgha
Makhleb
Nemelex Xobeh
Okawaru
Qazlal
Ru
Sif Muna
Trog
Uskayaw
Vehumet
Wu Jian
Xom
Yredelemnul
Zin
The Shining One

Annotations:
D:6 Joseph


Innate Abilities, Weirdness & Mutations

You are small and have problems with some larger weapons.
You are completely attuned to the shadows.


Message History

The sky beast is almost dead.
Joseph shoots a sling bullet.
The sling bullet hits you! The sling bullet burns you.
* * * LOW HITPOINT WARNING * * *
The sky beast hits you.
* * * LOW HITPOINT WARNING * * *
The sky beast shocks you.
* * * LOW HITPOINT WARNING * * *
The sky beast misses you.
Unknown command.
The sky beast hits you but does no damage.
There is a stone staircase leading up here.
The sky beast completely misses you.
Joseph unwields a +2 hunting sling of flaming.
It stops flaming.
Joseph wields a +0 quarterstaff.
Joseph closely misses you.
You climb upwards.
There is a stone staircase leading down here.
Your skin crawls.
You feel strong-willed.
The sky beast hits you but does no damage.
You fail to use your ability.
Joseph misses you. The sky beast misses you.
You fail to use your ability.
Joseph hits you with a +0 quarterstaff!
* * * LOW HITPOINT WARNING * * *
The sky beast misses you.
You fail to use your ability.
Joseph completely misses you.
The sky beast hits you but does no damage.
You feel better. Joseph closely misses you. The sky beast closely misses you.
A red film seems to cover your vision as you go berserk!
You feel yourself moving faster!
You feel mighty! Joseph hits you with a +0 quarterstaff!
* * * LOW HITPOINT WARNING * * *
The sky beast hits you.
* * * LOW HITPOINT WARNING * * *
The sky beast shocks you.
* * * LOW HITPOINT WARNING * * *
You hit the sky beast.
You kill the sky beast!
Trog accepts your kill. Joseph hits you with a +0 quarterstaff!
You die...

#####.........#...#.......
#...#.........#...#.......
#...'.........#...#.......
#...#.........#...'.......
#...#.........#'###.......
#...#.........#...#.......
######.........#...#.......
#......####'####...#.......
#......#..@........#.......
#......#...@.......#.......
#......#...........#.......
#......#...........#.......
#......#.....###...#.......
#.....##.....###...#.......
#.....#............#.......
#.....#............#.......
#.....#............#.......


You could see Joseph.

Vanquished Creatures
  A water moccasin (D:6)
  2 ice beasts
  A sky beast (D:6)
  A black bear (D:6)
  3 ogres
  A centaur (D:6)
  2 scorpions
  A howler monkey (D:5)
  3 hounds
  2 jellies
  Crazy Yiuf (D:2)
  2 orc priests
  A centaur skeleton (D:5)
  3 iguanas
  2 scorpion zombies (D:5)
  An orc wizard (D:5)
  A killer bee zombie (D:6)
  2 hound skeletons
  Robin (D:3)
  3 gnolls (D:4)
  A howler monkey skeleton (D:5)
  7 adders
  A white imp (D:6)
  An ufetubus (D:7)
  A dart slug (D:4)
  15 orcs
  12 ball pythons
  8 endoplasms
  2 giant cockroaches
  13 goblins
  6 hobgoblins
  9 jackals
  A quokka (D:5)
  5 bats
  2 frilled lizards
  7 kobolds
  A quokka skeleton (D:4)
  8 rats
134 creatures vanquished.

Vanquished Creatures (others)
  2 fungi (D:2)
2 creatures vanquished.

Grand Total: 136 creatures vanquished

Notes
Turn   | Place    | Note
-------+----------+-------------------------------------------
     0 | D:1      | Gwenloh the Kobold Berserker began the quest for the Orb.
     0 | D:1      | Reached XP level 1. HP: 14/14 MP: 1/1
   431 | D:1      | Reached XP level 2. HP: 17/19 MP: 2/2
   683 | D:1      | Reached skill level 1 in Stealth
  1012 | D:2      | Reached XP level 3. HP: 23/23 MP: 3/3
  1251 | D:2      | Reached ** piety under Trog
  1437 | D:2      | Reached skill level 5 in Short Blades
  1437 | D:2      | Reached XP level 4. HP: 29/29 MP: 4/4
  2253 | D:2      | Found a runed translucent door.
  2256 | D:2      | Noticed Crazy Yiuf
  2261 | D:2      | Killed Crazy Yiuf
  2262 | D:2      | Reached XP level 5. HP: 33/33 MP: 5/5
  2381 | D:3      | Noticed Robin
  2419 | D:3      | Killed Robin
  2734 | D:3      | Reached *** piety under Trog
  2795 | D:3      | Reached skill level 6 in Short Blades
  2795 | D:3      | Reached XP level 6. HP: 28/38 MP: 6/6
  3619 | D:4      | Found a shimmering blue altar of Sif Muna.
  3955 | D:4      | Noticed an ogre
  3960 | D:4      | Noticed an ogre
  3963 | D:4      | Killed an ogre
  3964 | D:4      | Reached skill level 7 in Short Blades
  3964 | D:4      | Reached XP level 7. HP: 28/44 MP: 7/7
  4416 | D:5      | Entered Level 5 of the Dungeon
  4419 | D:5      | Reached skill level 5 in Fighting
  4576 | D:5      | Reached skill level 8 in Short Blades
  4576 | D:5      | Reached XP level 8. HP: 49/49 MP: 8/8
  4646 | D:5      | Reached skill level 5 in Dodging
  4646 | D:5      | Reached skill level 5 in Stealth
  5571 | D:6      | Reached skill level 9 in Short Blades
  5755 | D:6      | Reached XP level 9. HP: 55/55 MP: 9/9
  6545 | D:7      | Found a staircase to the Ecumenical Temple.
  6552 | Temple   | Entered the Ecumenical Temple
  7129 | D:7      | Reached **** piety under Trog
  7147 | D:7      | Noticed Joseph
  7166 | D:6      | Mangled by Joseph

Illustrated notes

Levels and vault maps discovered:
D:1:      dpeg_arrival_signposts, layout_basic
D:2:      layout_basic, uniq_crazy_yiuf_cottage
D:3:      layout_basic, hangedman_decor_push, uniq_robin
D:4:      layout_loops_corners, mainiacjoe_overflow_tiny_flanked,
          grunt_decor_arrowhead
D:5:      layout_basic
D:6:      layout_gridville, dk_vineyard_3
D:7:      layout_cave_pods, minmay_temple_entry_overgrown,
          kennysheep_generic_room_3, uniq_joseph
Temple:   nicolae_temple_the_god_donut

Skill      XL: |  1  2  3  4  5  6  7  8 |
---------------+-------------------------+-----
Stealth        | 1 2 4 6 |  6.6
Dodging        | 3 4 6 |  6.2
Short Blades   | 5 6 7 8 9 |  9.9
Fighting       | 4 5 6 |  6.2
Armour         | |  1.5

Action                   |  1- 3 |  4- 6 |  7- 9 || total
-------------------------+-------+-------+-------++-------
Melee: Short sword       |    64 |   127 |    90 ||   281
       Dagger            |     7 |    28 |    23 ||    58
 Fire: Hunting sling     |       |     3 |       ||     3
Throw: Stone             |     6 |     2 |       ||     8
       Boomerang         |       |    14 |     3 ||    17
       Throwing net      |       |     1 |       ||     1
Invok: Berserk           |     3 |     3 |     6 ||    12
       Trog's Hand       |       |     2 |     1 ||     3
  Use: Potion            |       |     1 |     1 ||     2
       Scroll            |       |       |    10 ||    10
 Stab: Sleeping          |     7 |    15 |     9 ||    31
       Distracted        |       |     1 |     1 ||     2
Armor: Animal skin       |    12 |    13 |       ||    25
       Skin              |       |    20 |       ||    20
       Leather armour    |       |     4 |    16 ||    20
Dodge: Dodged            |    39 |    72 |    68 ||   179
